 Dungeon Crawl Stone Soup version 0.29.0-11-gd7f09526c8 (webtiles) character file.

Game seed: 1005072162868140503

1 SnakkuSnakku7 the Sneak (level 1, -1/18 HPs)
             Began as a Human Delver on Sept 6, 2022.
             Slain by a quokka (4 damage)
             ... on level 5 of the Dungeon.
             The game lasted 00:01:08 (288 turns).

SnakkuSnakku7 the Sneak (Human Delver)               Turns: 288, Time: 00:01:09

Health: -1/18      AC:  3    Str: 12    XL:     1   Next: 22%
Magic:  1/1        EV: 12    Int: 10    God:
Gold:   0          SH:  0    Dex: 14    Spells: 0/0 levels left

rFire   . . .      SeeInvis .   a - +0 spear
rCold   . . .      Faith    .   (no shield)
rNeg    . . .      Spirit   .   b - +0 leather armour
rPois   .          Reflect  .   (no helmet)
rElec   .          Harm     .   (no cloak)
rCorr   .          Rampage  .   (no gloves)
Will    .....                   (no boots)
Stlth   +++.......              (no amulet)
HPRegen 0.06/turn               (no ring)
MPRegen 0.07/turn               (no ring)

@: no status effects
A: no striking features
a: no special abilities


You were on level 5 of the Dungeon.
You visited 1 branch of the dungeon, and saw 2 of its levels.

Inventory:

Hand Weapons
 a - a +0 spear (weapon)
Armour
 b - a +0 leather armour (worn)
 h - a +0 buckler
Wands
 g - a wand of digging (3)
Scrolls
 c - a scroll of fog
 d - a scroll of enchant armour {unknown}
 e - a scroll of identify {unknown}
Potions
 f - a potion of haste


   Skills:
 - Level 3.0 Fighting
 + Level 2.1 Polearms
 - Level 2.0 Dodging
 - Level 5.0 Stealth


You couldn't memorise any spells.
You didn't know any spells.
Your spell library was empty.

Dungeon Overview and Level Annotations

Branches:
Dungeon (6/15)
 Temple: D:4-7

Altars:
Makhleb

Annotations:
D:5 Blork the orc


Message History

You hit the quokka but do no damage.
The quokka is severely wounded.
The quokka closely misses you.
You closely miss the quokka.
The quokka is severely wounded.
The quokka bites you.
You hit the quokka but do no damage.
The quokka is heavily wounded.
The quokka closely misses you.
You hit the quokka but do no damage.
The quokka is heavily wounded.
The quokka barely misses you. The quokka bites you.
You closely miss the quokka.
The quokka is heavily wounded.
The quokka barely misses you.
You hit the quokka.
The quokka is severely wounded.
The quokka closely misses you.
You barely miss the quokka.
The quokka is severely wounded.
The quokka bites you.
You hit the quokka but do no damage.
The quokka is heavily wounded.
The quokka bites you.
You hit the quokka but do no damage.
The quokka is heavily wounded.
The quokka closely misses you. The quokka bites you.
* * * LOW HITPOINT WARNING * * *
You hit the quokka.
The quokka is severely wounded.
The quokka barely misses you.
You hit the quokka but do no damage.
The quokka is heavily wounded.
The quokka closely misses you.
Okay, then.
Okay, then.
You hit the quokka.
The quokka is severely wounded.
The quokka bites you.
You die...

*,**
#.***##.####.#...... *,*
*####.* ###.............
*,*
*.....###.#.#####.......
*** *,* #.###.......#
#....... ,,* *,*
#.......<#### ***#..[...
,,* *,* *..#.....#
**,,,#..... ,,****,*
*,,#.##..#####.,,,,#....
,,,,,,,*
#..#...........,,,,*####
,,******
#......@.#####.,,,,* ,,*
##....r..# **,,,** ,**
****#.......# **,** **
*,,......#.## *,,**
*,*##.#....# **,,,** *,*
#......# *,,,,,* *,*
######.#** **,,,**
****,**** *,...,* **,**
*,,,,>,,* *,,,,,* *,*


You could see a quokka.

Vanquished Creatures
  A quokka (D:5)
1 creature vanquished.

Notes
Turn   | Place    | Note
-------+----------+-------------------------------------------
     0 | D:5      | SnakkuSnakku7 the Human Delver began the quest for the Orb.
     0 | D:5      | Reached XP level 1. HP: 18/18 MP: 1/1
    12 | D:5      | Noticed Blork the orc
    20 | D:5      | Noticed a scorpion
    32 | D:6      | Noticed an orc warrior
    32 | D:6      | Noticed an orc wizard
   210 | D:5      | Found a burning altar of Makhleb.
   219 | D:5      | Noticed a scorpion
   288 | D:5      | Slain by a quokka

Illustrated notes

Levels and vault maps discovered:
D:5:      lemuel_ratsnest, layout_loops_cross, nicolae_overflow_crystal_walls,
          uniq_blork_the_orc, uniq_prince_ribbit1
D:6:      kennysheep_housing_project, layout_basic

Action                   || total
-------------------------++-------
Melee: Spear             ||    22
  Use: Scroll            ||     2
Armor: Leather armour    ||     1
Dodge: Dodged            ||    15
